Map: Nightscape LE

Players

Massa - Winner!

  • Race: Terran Terran
  • League: Platinum
  • Spawn Location: 7:00

qqq - Winner!

  • Race: Protoss Protoss
  • League: Platinum
  • Spawn Location: 7:00

Nova

  • Race: Terran Terran
  • League: Diamond
  • Spawn Location: 1:00

Ganon

  • Race: Protoss Protoss
  • League: Diamond
  • Spawn Location: 1:00

VOD

Have the link to the VOD?

Description

Time

  • Played on: Dec. 13, 2020, 2:51 p.m.
  • Length: 5:17
Show
View Real Time Build Order
Export as new Build Order

Massa Terran - Winner!

Build Orders:  

Get SALT Encoding   

  12  0:00  SCV  
  13  0:12  SCV  
  14  0:24  SCV  
  14  0:27  Supply Depot  
  15  0:35  Refinery  
  15  0:48  SCV  
  16  1:01  Barracks  
  16  1:05  SCV  
  17  1:17  SCV  
  18  1:21  Barracks  
  18  1:36  SCV  
  18  1:55  SCV  
  18  2:07  SCV  
  18  2:21  Command Center  
  18  2:27  Supply Depot  
  18  2:31  SCV  
  19  2:48  Barracks Tech Lab  
  19  2:55  Barracks  
  19  3:01  Orbital Command  
  19  3:07  Concussive Shells  
  19  3:08  Marauder  
  19  3:09  Barracks Tech Lab  
  21  3:28  Marauder  
  21  3:30  Stimpack  
  21  3:31  Marauder  
  25  3:49  Marauder  
  25  3:50  Barracks Tech Lab  
  25  3:52  Marauder  
  29  4:11  Marauder  
  29  4:12  Bunker  
  29  4:14  Marauder  
  29  4:15  Orbital Command  
  32  4:35  Marauder  
  32  4:36  Marauder x2  
  38  4:39  SCV  
  38  4:42  SCV  
  40  4:51  SCV  
  41  4:54  SCV  
Show
View Real Time Build Order
Export as new Build Order

qqq Protoss - Winner!

Build Orders: Cannon Rush 

Get SALT Encoding   

  12  0:00  Probe  
  13  0:16  Pylon  
  13  0:18  Probe  
  14  0:30  Probe  
  15  0:40  Forge  
  15  0:43  Probe  
  16  1:07  Pylon  
  16  1:08  Pylon  
  16  1:16  Pylon  
  16  1:17  Pylon  
  16  1:31  Photon Cannon  
  15  1:47  Photon Cannon  
  15  1:52  Pylon  
  15  1:55  Photon Cannon  
  15  2:13  Photon Cannon  
  15  2:24  Photon Cannon  
  15  2:33  Photon Cannon  
  15  2:43  Probe  
  16  2:49  Photon Cannon  
  16  2:55  Probe, Photon Cannon  
  16  2:57  Gateway  
  17  3:07  Probe  
  18  3:29  Probe  
  19  3:44  Nexus  
  19  3:47  Zealot  
  21  4:07  Photon Cannon  
  21  4:10  Cybernetics Core  
  21  4:14  Zealot  
  21  4:15  Probe, Assimilator  
  24  4:27  Probe  
  25  4:39  Probe  
  25  4:45  Assimilator  
  26  4:51  Probe  
  29  5:03  Probe, Shield Battery  
Show
View Real Time Build Order
Export as new Build Order

Nova Terran 

Build Orders:  

Get SALT Encoding   

  12  0:00  SCV  
  13  0:12  SCV  
  14  0:17  Supply Depot  
  14  0:26  SCV  
  15  0:43  Barracks  
  15  0:45  SCV  
  16  0:57  SCV  
  17  1:09  SCV  
  18  1:21  SCV, Barracks  
  19  1:34  Marine  
  19  1:39  Bunker  
  19  1:48  SCV  
  20  1:59  Marine  
  20  2:00  SCV  
  22  2:09  Marine  
  23  2:16  Orbital Command  
  23  2:22  Supply Depot  
  23  2:41  Barracks  
  23  2:44  Marine x2  
  24  2:53  SCV  
  24  3:02  Refinery, Marine x2  
  24  3:03  Refinery  
  26  3:06  SCV  
  26  3:18  SCV  
  26  3:19  Marine x2  
  27  3:25  Bunker  
  28  3:32  SCV  
  29  3:37  Marine  
  29  3:38  Supply Depot  
  31  3:54  SCV  
  31  3:55  Barracks Tech Lab  
  31  3:59  Marine  
  31  4:00  Marine  
  33  4:04  Supply Depot  
  33  4:09  SCV, Supply Depot  
  34  4:15  Marine  
  35  4:17  Marine  
  35  4:18  Marine  
  35  4:32  Marine  
  35  4:35  Marine  
  35  4:38  Factory  
  38  4:40  SCV  
  39  4:50  Barracks Tech Lab, Marine  
  39  4:52  SCV, Marine  
  37  5:04  SCV  
Show
View Real Time Build Order
Export as new Build Order

Ganon Protoss 

Build Orders:  

Get SALT Encoding   

  12  0:00  Probe  
  13  0:12  Probe  
  14  0:18  Pylon  
  14  0:24  Probe  
  15  0:36  Probe (Chrono Boost)  
  16  0:46  Probe (Chrono Boost)  
  17  0:51  Probe (Chrono Boost)  
  18  1:03  Probe  
  19  1:29  Gateway  
  19  1:33  Gateway  
  2  2:52  Pylon, Nexus  
    4:04  Probe  
  1  4:57  Nexus  
  1  5:14  Pylon  
Tags
 
Add a new tag
Caveats
  • Supply blocks, unpowered buildings, or Contaminate may cause inaccurate times.
  • Supply counts are checked every 10 seconds.